 Dungeon Crawl Stone Soup version 0.21.1-1-g345015f (webtiles) character file.

58 troglodite the Skirmisher (level 3, 0/29 HPs)
             Began as a Demonspawn Berserker on June 4, 2018.
             Was a Believer of Trog.
             Hit by a goblin thrown by Robin (2 damage)
             ... on level 2 of the Dungeon.
             The game lasted 00:03:25 (1601 turns).

troglodite the Skirmisher (Demonspawn Berserker)    Turns: 1601, Time: 00:03:26

Health: 0/29       AC:  2    Str: 17    XL:     3   Next: 76%
Magic:  3/3        EV: 12    Int:  8    God:    Trog [**....]
Gold:   81         SH:  5    Dex: 13    Spells: 2/2 levels left

rFire    + . .     SeeInvis .   a - +0 falchion
rCold    + . .     Gourm    .   (no shield)
rNeg     . . .     Faith    .   b - +0 animal skin
rPois    +         Spirit   .   (no helmet)
rElec    +         Reflect  +   (no cloak)
rCorr    +         Harm     .   (no gloves)
MR       .....                  (no boots)
Stlth    ++........             i - +5 amulet of reflection
HPRegen  0.09/turn              (no ring)
MPRegen  0.08/turn              (no ring)

@: resistant, berserk cooldown, slowed, very slow
A: claws 1
a: Berserk, Trog's Hand, Burn Spellbooks, Renounce Religion


You were on level 2 of the Dungeon.
You worshipped Trog.
Trog was pleased with you.
You were hungry.

You visited 1 branch of the dungeon, and saw 2 of its levels.

You collected 81 gold pieces.

Inventory:

Hand Weapons
 a - a +0 falchion (weapon)
Armour
 b - a +0 animal skin (worn)
Jewellery
 i - a +5 amulet of reflection (around neck)
 k - an uncursed ring of ice
Scrolls
 d - 2 scrolls of amnesia {unknown}
 e - 2 scrolls of identify {unknown}
 f - a scroll of remove curse {unknown}
 h - a scroll of fog {unknown}
Comestibles
 c - 3 rations
 j - a chunk of flesh


   Skills:
 + Level 3.4 Fighting
 + Level 3.3 Long Blades
 + Level 1.9 Armour
 + Level 2.1 Dodging
 + Level 1.4 Stealth


You had 2 spell levels left.
You didn't know any spells.

Dungeon Overview and Level Annotations

Branches:
Dungeon (2/15)

Altars:
Nemelex Xobeh

Annotations:
D:2 Robin


Innate Abilities, Weirdness & Mutations

You have sharp fingernails.


Message History

You are too injured to fight recklessly!
Unknown command.
You are too injured to fight recklessly!
Robin throws the goblin at you!
* * * LOW HITPOINT WARNING * * *
You block the goblin's attack.
You closely miss the goblin. The goblin barely misses you.
The goblin misses you. The goblin hits you.
* * * LOW HITPOINT WARNING * * *
You block the goblin's attack.
You slash the goblin!
You kill the goblin!
Trog accepts your kill. The goblin closely misses you. The goblin hits you.
* * * LOW HITPOINT WARNING * * *
Unknown command.
It was a potion of resistance.
You feel protected. Robin throws the goblin at you!
You die...

# ##### #...# #.# #...#
###.#+## #...# #......#
#...# #......# #...#
......# #...##### .....#
#.......###g..#
#...#(..g@g...#
########...#.#.####..$....
.......#...#.#.## .......
...........≈....# .......
..........≈.≈≈..# #..#..#
..........≈≈≈≈P.# ... .#
....##....≈≈≈≈..# .... #
....##÷...≈≈≈...# ...>.
....##.....≈P...#


You could see Robin and 2 goblins.

Vanquished Creatures
  A worker ant zombie (D:2)
  2 worms (D:2)
  A dart slug (D:2)
  A ball python (D:2)
  2 bats (D:1)
  3 giant cockroaches (D:2)
  9 goblins
  6 hobgoblins
  2 jackals (D:2)
  2 frilled lizards
  A jackal skeleton (D:2)
  3 kobolds (D:1)
  3 rats
36 creatures vanquished.

Notes
Turn   | Place    | Note
-------+----------+-------------------------------------------
     0 | D:1      | troglodite the Demonspawn Berserker began the quest for the Orb.
     0 | D:1      | Reached XP level 1. HP: 18/18 MP: 1/1
   735 | D:1      | Gained mutation: You have sharp fingernails. [demonic ancestry]
   735 | D:1      | Reached XP level 2. HP: 24/24 MP: 2/2
   827 | D:1      | Found a sparkling altar of Nemelex Xobeh.
  1183 | D:2      | Reached skill level 1 in Stealth
  1413 | D:2      | Reached XP level 3. HP: 29/29 MP: 3/3
  1442 | D:2      | Reached ** piety under Trog
  1571 | D:2      | Noticed Robin
  1601 | D:2      | Hit by a goblin thrown by Robin

Skill      XL: |  1  2  3 |
---------------+----------+-----
Long Blades    | 3 |  3.3
Stealth        | 1 |  1.4
Dodging        | 2 |  2.1
Fighting       | |  3.4
Armour         | |  1.9

Action                   || total
-------------------------++-------
Melee: Falchion          ||    96
Invok: Berserk           ||     3
  Use: Potion            ||     1
 Stab: Sleeping          ||     1
  Eat: Chunk             ||     4
Armor: Animal skin       ||    10
Dodge: Dodged            ||    65
Block: Other             ||    34
       Rpst.: Falchion   ||    27
